 Dungeon Crawl Stone Soup version 0.17-a0-1945-gfe993df (webtiles) character file.

639 esc the Insei (level 7, -13/46 HPs)
             Began as an Octopode Transmuter on Sept 30, 2015.
             Was an Initiate of Cheibriados.
             Mangled by an ice beast (14 damage)
             ... on level 5 of the Dungeon.
             The game lasted 00:09:10 (4599 turns).

esc the Insei (Octopode Transmuter)                 Turns: 4599, Time: 00:09:10

Health: -13/46     AC:  4    Str: 11    XL:     7   Next: 51%
Magic:  0/12       EV: 13    Int: 18    God:    Cheibriados [......]
Gold:   223        SH:  0    Dex: 13    Spells: 3 memorised, 7 levels left

rFire  . . .     SeeInvis .       - Unarmed
rCold  . . .     Clarity  .     (no shield)
rNeg   . . .     SustAt   .     (helmet restricted)
rPois  .         Gourm    .     j - amulet of guardian spirit {Spirit}
rElec  .         Spirit   +     i - ring of protection from magic {MR+, !d}
rCorr  .         Warding  .     f - +3 ring of protection
rMut   .         Stasis   .     (no ring)
MR     +....                    (no ring)
Stlth  ++........               (no ring)
                                (no ring)
                                (no ring)
                                (no ring)

@: very slow, somewhat resistant to hostile enchantments, unstealthy
A: almost no armour, amphibious, 8 rings, constrict 8, camouflage 1, gelatinous
body 1
a: Bend Time, Renounce Religion


You were on level 5 of the Dungeon.
You worshipped Cheibriados.
Cheibriados was noncommittal.
You were not hungry.

You visited 2 branches of the dungeon, and saw 6 of its levels.
You also visited: Sewer.

You collected 223 gold pieces.

Inventory:

Missiles
 a - 56 arrows
 d - 14 arrows of flame
 C - 4 poisoned tomahawks (quivered)
Jewellery
 e - an uncursed amulet of stasis {Stasis, !d}
   (You found it on level 1 of the Dungeon)
 f - a +3 ring of protection (right tentacle)
   (You found it on level 2 of the Dungeon)
 i - a ring of protection from magic (left tentacle) {MR+, !d}
   (You found it on level 5 of the Dungeon)
 j - an amulet of guardian spirit (around mantle) {Spirit}
   (You found it on level 1 of the Dungeon)
Magical devices
 w - a wand of enslavement (9)
   (You found it on level 3 of the Dungeon)
 B - a wand of heal wounds (0)
   (You found it on level 4 of the Dungeon)
Scrolls
 k - 4 scrolls of fog
 p - 3 scrolls of amnesia
 t - 3 scrolls of remove curse
 u - 3 scrolls of fear
 y - a scroll of recharging
 A - a scroll of teleportation
Potions
 l - 2 potions of lignification {unknown}
 m - a potion of cure mutation {!q}
 o - a potion of flight {unknown}
 q - 2 potions of brilliance {unknown}
 r - a potion of poison {!q}
 s - 2 potions of curing
 x - a potion of magic
 z - 2 potions of haste {unknown}
Books
 b - a book of Changes
 n - an Akashic Record
   (You found it on level 5 of the Dungeon)
 v - a book of Annihilations
   (You found it on level 3 of the Dungeon)
Comestibles
 c - 3 bread rations {@e1}
 g - 4 meat rations {@e2}
 h - a beef jerky
 D - 2 chunks of flesh {@w0}


   Skills:
 + Level 3.6 Fighting
 + Level 4.0 Dodging
 + Level 4.4 Unarmed Combat
 + Level 3.7 Spellcasting
 + Level 4.0 Transmutations


You had 7 spell levels left.
You knew the following spells:

 Your Spells              Type           Power        Failure   Level  Hunger
a - Beastly Appendage     Trmt           ###...       3%          1    None
c - Spider Form           Trmt/Pois      ##........   24%         3    ###....
s - Sticks to Snakes      Trmt           ###.......   6%          2    ##.....


Dungeon Overview and Level Annotations

Branches:
Dungeon (5/15)             Temple (1/1) D:4

Altars:
Cheibriados
Elyvilon
Fedhas
Gozag
Kikubaaqudgha
Nemelex Xobeh
Okawaru
Ru
Sif Muna
Vehumet
Xom
Yredelemnul
The Shining One


Innate Abilities, Weirdness & Mutations

You cannot wear most types of armour.
You are amphibious.
You can wear up to eight rings at the same time.
You can use your tentacles to constrict eight enemies at once.
Your skin changes colour to match your surroundings (Stealth).
Your rubbery body absorbs attacks (AC +1).


Message History

You tentacle-slap the worker ant.
You kill the worker ant!
Cheibriados thoroughly appreciates the change of pace.
Your Dodging skill increases to level 4!
No target in view!
A giant gecko comes into view.
You see here a worker ant corpse.
You butcher the worker ant corpse.
You see here 2 chunks of flesh {@w0}.
The giant gecko bites you. The giant gecko barely misses you.
You now have 11/12 mp.
You tentacle-slap the giant gecko. You grab the giant gecko.
You constrict the giant gecko. The giant gecko misses you.
You barely miss the giant gecko. You constrict the giant gecko.
The giant gecko barely misses you.
You tentacle-slap the giant gecko but do no damage.
You squeeze the giant gecko.
You kill the giant gecko!
Cheibriados appreciates the change of pace.
No target in view!
You start resting.
Health restored: 46; MP restored: 12 You now have 204 gold pieces (gained 14).
D - 4 chunks of flesh {@w0} (gained 2)
You now have 223 gold pieces (gained 19).
A giant frog skeleton comes into view.
The helpless giant frog skeleton fails to defend itself.
You tentacle-slap the giant frog skeleton.
Your grab misses the giant frog skeleton.
The giant frog skeleton barely misses you.
You barely miss the giant frog skeleton.
You grab the giant frog skeleton. You constrict the giant frog skeleton.
The giant frog skeleton hits you.
The giant frog skeleton barely misses you.
You take 3 damage, and have 43/46 hp.
You now have 11/12 mp.
You bludgeon the giant frog skeleton! You constrict the giant frog skeleton.
The giant frog skeleton hits you.
You take 1 damage, and have 42/46 hp.
You tentacle-slap the giant frog skeleton.
You constrict the giant frog skeleton.
The giant frog skeleton closely misses you.
You tentacle-slap the giant frog skeleton.
You constrict the giant frog skeleton.
The giant frog skeleton hits you but does no damage.
You tentacle-slap the giant frog skeleton.
You constrict the giant frog skeleton.
The giant frog skeleton barely misses you.
The giant frog skeleton hits you.
You take 4 damage, and have 38/46 hp.
You now have 10/12 mp.
You completely miss the giant frog skeleton.
You squeeze the giant frog skeleton.
You destroy the giant frog skeleton!
Cheibriados appreciates the change of pace.
Your Transmutations skill increases to level 4!
No target in view!
No target in view!
As you open the door, it creaks loudly!
An ice beast comes into view.
You hear a shout!
A shadow imp comes into view.
Health restored: 46; MP restored: 12 You tentacle-slap the ice beast.
The ice beast hits you. The ice beast freezes you.
You take 5 damage, and have 41/46 hp.
You now have 11/12 mp.
You tentacle-slap the ice beast. The ice beast barely misses you.
You closely miss the ice beast. The ice beast hits you.
The ice beast freezes you.
You take 6 damage, and have 35/46 hp.
You now have 9/12 mp.
You tentacle-slap the ice beast. The ice beast barely misses you.
You closely miss the ice beast. The ice beast barely misses you.
You barely miss the ice beast. The ice beast closely misses you.
You tentacle-slap the ice beast but do no damage.
You squeeze the ice beast, but do no damage.
The ice beast hits you. The ice beast freezes you.
You take 6 damage, and have 29/46 hp.
You now have 8/12 mp.
You closely miss the ice beast. The ice beast closely misses you.
You barely miss the ice beast. Your squeeze misses the ice beast.
The ice beast closely misses you.
You tentacle-slap the ice beast. The ice beast hits you.
The ice beast freezes you!
You take 11 damage, and have 19/46 hp.
MASSIVE DAMAGE!!
You now have 6/12 mp.
You completely miss the ice beast. You tentacle-slap the ice beast.
The ice beast hits you. The ice beast freezes you!
* * * LOW HITPOINT WARNING * * *
You take 14 damage, and have 5/46 hp.
MASSIVE DAMAGE!!
You now have 2/12 mp.
The ice beast hits you but does no damage.
Some of the chunks of flesh in your inventory have rotted away.
The ice beast hits you.
* * * LOW HITPOINT WARNING * * *
The ice beast freezes you.
* * * LOW HITPOINT WARNING * * *
You take 5 damage, and have 1/46 hp.
You now have 1/12 mp.
Unknown command.
Nothing appears to happen.
The ice beast hits you. The ice beast freezes you!
You die...

#...[...#........ #+
#.......##....... ...
#.......##....... ....
#.......##.##.##. .....
##.......##.##.##.
......###........##.......
......5..5................
......###Y.....#.##.......
..... #@#......##.......
.... #........###.#...#
... #.#......# #.##.## #+
#.##...#.# #.##.##
#........# #.##.##
#####.#### #...... #.#
####.## #.# #.#


You could see an ice beast and a shadow imp.

Vanquished Creatures
  2 ogres
  3 hounds
  An orc wizard (D:4)
  A giant frog skeleton (D:5)
  2 orc priests
  An iguana (D:5)
  A worker ant (D:5)
  3 adders
  A gnoll (D:3)
  5 river rats (Sewer)
  2 adder skeletons (D:4)
  2 worms
  3 giant geckos
  8 orcs
  7 giant cockroaches
  5 goblins
  9 hobgoblins
  6 jackals
  6 ball pythons
  14 bats
  7 giant newts
  9 kobolds
  A quokka (D:2)
  10 rats
109 creatures vanquished.

Notes
Turn   | Place    | Note
--------------------------------------------------------------
     0 | D:1      | esc the Octopode Transmuter began the quest for the Orb.
     0 | D:1      | Reached XP level 1. HP: 13/13 MP: 3/3
   112 | D:1      | Reached XP level 2. HP: 16/18 MP: 5/5
   717 | D:2      | Reached XP level 3. HP: 14/23 MP: 1/6
   737 | D:2      | HP: 5/23 [poisoned by an adder]
   745 | D:2      | HP: 4/23 [poisoned by an adder]
  1674 | D:3      | Reached XP level 4. HP: 27/29 MP: 7/7
  1734 | D:3      | Found a blossoming altar of Fedhas.
  1963 | D:3      | Reached skill level 2 in Fighting
  1978 | D:3      | Learned a level 2 spell: Sticks to Snakes
  1985 | D:3      | HP: 6/29 [orc priest/divine providence (12)]
  2000 | D:3      | Reached XP level 5. HP: 14/34 MP: 1/9
  2089 | D:3      | Found a glowing drain.
  2112 | Sewer    | Entered a sewer
  2377 | Sewer    | Reached skill level 3 in Dodging
  2377 | Sewer    | Reached skill level 3 in Transmutations
  3237 | D:4      | Reached skill level 3 in Spellcasting
  3237 | D:4      | Reached XP level 6. HP: 26/41 MP: 6/10
  3585 | D:4      | Found a staircase to the Ecumenical Temple.
  3613 | Temple   | Entered the Ecumenical Temple
  3654 | Temple   | Became a worshipper of Cheibriados the Contemplative
  3749 | D:4      | Reached skill level 3 in Fighting
  3938 | D:4      | Noticed an ogre
  3949 | D:4      | Killed an ogre
  3949 | D:4      | Reached skill level 4 in Unarmed Combat
  4028 | D:5      | Entered Level 5 of the Dungeon
  4078 | D:5      | HP: 7/42 [ogre/giant spiked club (18)]
  4081 | D:5      | Reached XP level 7. HP: 26/46 MP: 2/12
  4101 | D:5      | Learned a level 3 spell: Spider Form
  4443 | D:5      | Reached skill level 4 in Dodging
  4543 | D:5      | Reached skill level 4 in Transmutations
  4595 | D:5      | HP: 5/46 [ice beast (11)]
  4598 | D:5      | HP: 1/46 [ice beast (4)]
  4599 | D:5      | Mangled by an ice beast

Vault maps used:
D:1:      kilobyte_arrival_exit_the_forest, minmay_misc_feat_x
D:2:      minmay_misc_feat_roman, tgw_xom
D:3:      old_standard_altar, portal_sewer_entry_f, first_bread
D:4:      minmay_temple_entry_poolview
D:5:      uniq_blork_the_orc, uniq_edmund
Temple:   kilobyte_greek_temple_18
Sewer:    sewer_co_cracked_pipes

Action                   |  1- 3 |  4- 6 |  7- 9 || total
-------------------------+-------+-------+-------++-------
Melee: Unarmed           |   104 |   190 |    50 ||   344
 Cast: Beastly Appendage |     1 |     5 |       ||     6
Evoke: Wand              |       |     1 |       ||     1
  Use: Scroll            |     7 |     7 |     1 ||    15
       Potion            |       |     1 |       ||     1
 Stab: Sleeping          |     9 |     9 |     2 ||    20
  Eat: Chunk             |     2 |     8 |     2 ||    12

Vault maps used:
D:1:      kilobyte_arrival_exit_the_forest, minmay_misc_feat_x
D:2:      minmay_misc_feat_roman, tgw_xom
D:3:      old_standard_altar, portal_sewer_entry_f, first_bread
D:4:      minmay_temple_entry_poolview
D:5:      uniq_blork_the_orc, uniq_edmund
Temple:   kilobyte_greek_temple_18
Sewer:    sewer_co_cracked_pipes

Table legend:
 A = Turns spent in this place as a percentage of turns spent in the entire game.
 B = Non-inter-level travel turns spent in this place as a percentage of non-inter-level travel turns spent in the entire game.
 C = Inter-level travel turns spent in this place as a percentage of turns spent in this place.
 D = Turns resting spent in this place as a percentage of non-inter-level travel turns spent in this place.
 E = Turns spent auto-exploring this place as a percentage of non-inter-level travel turns spent in this place.
 F = Non-inter-level travel turns spent in this place divided by the number of levels of this place that you've seen.
                   A       B       C       D       E      F
               +-------+-------+-------+-------+-------+----------------------
         Total | 100.0 | 100.0 |   0.5 |   1.4 |   8.3 | 194.3
       Dungeon |  83.8 |  83.8 |   0.5 |   1.1 |   8.6 | 227.8
        Temple |   0.5 |   0.4 |  14.3 |   0.0 |  16.7 |   6.0
         Sewer |  15.7 |  15.8 |   0.0 |   2.8 |   6.5 | 215.0
               +-------+-------+-------+-------+-------+----------------------

Table legend:
 A = Kills in this place as a percentage of kills in entire the game.
 B = Kills by you in this place as a percentage of kills by you in the entire game.
 C = Kills by friends in this place as a percentage of kills by friends in the entire game.
 D = Other kills in this place as a percentage of other kills in the entire game.
 E = Experience gained in this place as a percentage of experience gained in the entire game.
 F = Experience gained in this place divided by the number of levels of this place that you have seen.
                   A       B       C       D       E      F
               +-------+-------+-------+-------+-------+----------------------
         Total | 100.0 | 100.0 |  -nan |  -nan | 100.0 | 130.6
       Dungeon |  85.3 |  85.3 |  -nan |  -nan |  90.6 | 165.6
         Sewer |  14.7 |  14.7 |  -nan |  -nan |   9.4 |  86.0
               +-------+-------+-------+-------+-------+----------------------
